 Dungeon Crawl Stone Soup version 0.29.0-15-g675c0067aa (webtiles) character file.

Game seed: 4328167286499805447

2 qw the Sneak (level 1, -6/14 HPs)
             Began as a Gargoyle Delver on Sept 11, 2022.
             Mangled by Edmund
             ... wielding a +0 vorpal flail
              (7 damage)
             ... on level 4 of the Dungeon.
             The game lasted 00:00:04 (171 turns).

qw the Sneak (Gargoyle Delver)                       Turns: 171, Time: 00:00:04

Health: -6/14      AC:  8    Str: 15    XL:     1   Next: 30%
Magic:  1/1        EV:  9    Int: 14    God:
Gold:   11         SH:  0    Dex: 11    Spells: 0/0 levels left

rFire   . . .      SeeInvis .   e - +4 hand axe of Truncation {vorpal, rPois Int+4}
rCold   . . .      Faith    .   (no shield)
rNeg    + . .      Spirit   .   h - +0 scale mail
rPois   inf        Reflect  .   (no helmet)
rElec   +          Harm     .   (no cloak)
rCorr   .          Rampage  .   (no gloves)
Will    .....                   (no boots)
Stlth   +.........              (no amulet)
HPRegen 0.04/turn               (no ring)
MPRegen 0.07/turn               (no ring)

@: no status effects
A: sickness immunity, AC +2, negative energy resistance 1, electricity
resistance, torment resistance 1, petrification resistance
a: no special abilities


You were on level 4 of the Dungeon.
You visited 1 branch of the dungeon, and saw 2 of its levels.

You collected 11 gold pieces.


Innate Abilities, Weirdness & Mutations

You are immune to sickness and miasma.
Your stone body is resilient. (AC +2)
You are immune to poison.
You resist negative energy. (rN+)
You are resistant to electric shocks. (rElec)
You are resistant to unholy torment.
You are immune to petrification.


   Skills:
 - Level 3.2 Fighting
 + Level 2.0 Axes
 - Level 1.5 Dodging
 - Level 5.4 Stealth


You couldn't memorise any spells.
You didn't know any spells.
Your spell library was empty.

Inventory:

Hand Weapons
 e - the +4 hand axe of Truncation (weapon) {vorpal, rPois Int+4}
   (You found it on level 4 of the Dungeon)

   It inflicts extra damage upon your enemies.
   Int:       It affects your intelligence (+4).
   rPois:     It protects you from poison.
Missiles
 c - 6 boomerangs (quivered)
Armour
 b - the +4 ring mail "Duadull" {rF+ Str+4}
   (You found it on level 5 of the Dungeon)

   Str:       It affects your strength (+4).
   rF:        It protects you from fire.
 h - a +0 scale mail (worn)
Wands
 g - a wand of digging (3)
Potions
 d - a potion of flight {unknown}
 f - a potion of haste

Dungeon Overview and Level Annotations

Branches:
Dungeon (5/15)
 Temple: D:4-7

Altars:
Ashenzari
Vehumet

Annotations:
D:4 Edmund


Message History

The boomerang barely misses the hobgoblin.
You closely miss the hobgoblin. The hobgoblin closely misses you.
You hit the hobgoblin but do no damage. The hobgoblin closely misses you.
You hit the hobgoblin.
The hobgoblin is severely wounded.
The hobgoblin hits you but does no damage.
You hit the hobgoblin.
You kill the hobgoblin!
Found 2 stones.
A ball python comes into view.
Enter note: Throw: 6 boomerangs
Press: ? - help, Q - select action Shift-Dir - straight line, f - ball python You throw a boomerang.
The boomerang hits the ball python.
You kill the ball python!
Your Axes skill increases to level 2!
e - the +4 hand axe of Truncation {vorpal, rPois Int+4}
135 ||| SWAPPING to +4 hand axe of Truncation {vorpal, rPois Int+4}.
You feel clever.
e - the +4 hand axe of Truncation (weapon)
{vorpal, rPois Int+4}
136 ||| DROPPING +0 hand axe.
You drop a +0 hand axe.
Found a stone staircase leading down.
Edmund the Younger comes into view.
He is wielding a +0 vorpal flail and wearing a +0 scale mail of cold resistance.
Edmund mutters, "Who needs spells, anyway?"
Throw: 6 boomerangs
Press: ? - help, Q - select action Shift-Dir - straight line, f - Edmund You throw a boomerang.
The boomerang barely misses Edmund.
You closely miss Edmund. Edmund hits you with a +0 vorpal flail!
Ouch! That really hurt!
You hit Edmund.
Edmund is lightly wounded.
Edmund hits you with a +0 vorpal flail.
You closely miss Edmund.
Edmund is lightly wounded.
Edmund hits you with a +0 vorpal flail!
Ouch! That really hurt!
You die...

######## . #@@....# #.
#.####.# .. #.# #. #.# #.
#.# #. #.# ############.
########.##..............
#........##.######..###..
#........#.....# #....#..


You could see Edmund.

Vanquished Creatures
  A hobgoblin (D:4)
  A ball python (D:4)
2 creatures vanquished.

Notes
Turn   | Place    | Note
-------+----------+-------------------------------------------
     0 | D:5      | qw the Gargoyle Delver began the quest for the Orb.
     0 | D:5      | Reached XP level 1. HP: 14/14 MP: 1/1
     0 | D:5      | 0 ||| qw: Version: 0.1-a-117-gfe26ee0
     0 | D:5      | 0 ||| qw: Game counter: 10079
     0 | D:5      | 0 ||| qw: Always use a shield: true
     0 | D:5      | 0 ||| qw: God list: Okawaru
     0 | D:5      | 0 ||| qw: Allow faded altars: false
     0 | D:5      | 0 ||| qw: Do Orc after D:15 true
     0 | D:5      | 0 ||| qw: Do second Lair branch before Depths: true
     0 | D:5      | 0 ||| qw: Lair rune preference: random
     0 | D:5      | 0 ||| qw: Plans: Normal
     0 | D:5      | 0 ||| PLANNING D:1-11
     8 | D:5      | Found a broken altar of Ashenzari.
    13 | D:5      | 13 ||| UPGRADING to +0 scale mail.
    23 | D:5      | 23 ||| DROPPING +0 leather armour.
    24 | D:5      | 24 ||| DROPPING scroll of fog.
    25 | D:5      | 25 ||| DROPPING scroll of magic mapping.
    26 | D:5      | 26 ||| DROPPING scroll of fear.
    29 | D:5      | Identified the +4 ring mail "Duadull" {rF+ Str+4}
    32 | D:5      | 32 ||| FLEEEEING.
    33 | D:5      | 33 ||| FLEEEEING.
    34 | D:5      | 34 ||| FLEEEEING.
    35 | D:5      | 35 ||| STAIRDANCE
    83 | D:4      | Found a radiant altar of Vehumet.
   133 | D:4      | Identified the +4 hand axe of Truncation {vorpal, rPois
                  | Int+4}
   135 | D:4      | 135 ||| SWAPPING to +4 hand axe of Truncation {vorpal,
                  | rPois Int+4}.
   136 | D:4      | 136 ||| DROPPING +0 hand axe.
   166 | D:4      | Noticed Edmund
   169 | D:4      | HP: 3/14 [Edmund/+0 vorpal flail (3)]
   170 | D:4      | HP: 1/14 [Edmund/+0 vorpal flail (1)]
   171 | D:4      | Mangled by Edmund

Levels and vault maps discovered:
D:4:      corexii_shack_village, layout_basic, nicolae_vehumet_altar_sigil,
          serial_shops, nicolae_shop_statue_plus, reono_crystal_passage,
          chequers_mini_garden, uniq_edmund
D:5:      layout_gridville, cheibrodos_ashenzari_chains,
          nicolae_overflow_squiral, gammafunk_ghost_gnarly_gnolls

Skill      XL: |  1 |
---------------+----+-----
Axes           | 2 |  2.0
Fighting       | |  3.2
Dodging        | |  1.5
Stealth        | |  5.4

Action                   || total
-------------------------++-------
Melee: Hand axe          ||     7
Throw: Boomerang         ||     6
Armor: Scale mail        ||     1
Dodge: Dodged            ||     2

Table legend:
 A = Non-vault XP
 B = Vault XP
 C = Vault XP percentage of total XP
 D = Non-vault monster count
 E = Vault monster count
 F = Vault count percentage of total count
                 A         B        C        D         E       F
            +---------+---------+-------+---------+---------+-------
      Total |       3 |       0 |   0.0 |       2 |       0 |   0.0
            +---------+---------+-------+---------+---------+-------
        D:4 |       3 |       0 |   0.0 |       2 |       0 |   0.0
            +---------+---------+-------+---------+---------+-------
